 Dungeon Crawl Stone Soup version 0.28-a0-1130-gc51a68064b (webtiles) character file.

Game seed: 6480477903395858384

50 Gwenloh the Charlatan (level 3, -4/27 HPs)
             Began as a Demonspawn Artificer on Dec 12, 2021.
             Slain by a scorpion (6 damage)
             ... on level 2 of the Dungeon.
             The game lasted 00:04:47 (1413 turns).

Gwenloh the Charlatan (Demonspawn Artificer)        Turns: 1413, Time: 00:04:49

Health: -4/27      AC:  4    Str: 12    XL:     3   Next: 55%
Magic:  3/3        EV: 11    Int: 12    God:
Gold:   37         SH:  0    Dex: 15    Spells: 2/2 levels left

rFire   . . .      SeeInvis .   h - +0 flail
rCold   . . .      Faith    .   (no shield)
rNeg    . . .      Spirit   .   b - +0 leather armour
rPois   .          Reflect  .   (helmet restricted)
rElec   .          Harm     .   (no cloak)
rCorr   .          Rampage  .   k - +0 pair of gloves
Will    .....                   (no boots)
Stlth   +.........              (no amulet)
HPRegen 0.09/turn               (no ring)
MPRegen 0.08/turn               (no ring)

@: confused, lethally poisoned (-4 -> -15), ambrosia-drunk, attractive
A: horns 1
a: no special abilities


You were on level 2 of the Dungeon.
You visited 1 branch of the dungeon, and saw 2 of its levels.

You collected 37 gold pieces.

Inventory:

Hand Weapons
 a - a +0 whip
 h - a +0 flail (weapon)
Missiles
 g - 2 boomerangs (quivered)
 j - 15 poisoned darts
Armour
 b - a +0 leather armour (worn)
 k - a +0 pair of gloves (worn)
Wands
 c - a wand of flame (7)
 d - a wand of charming (15)
Potions
 f - a potion of attraction
Miscellaneous
 e - a piece from Xom's chessboard (15/15)


   Skills:
 + Level 1.7 Fighting
 + Level 1.0 Maces & Flails
 + Level 2.2 Armour
 + Level 1.6 Dodging
 - Level 0.8 Stealth
 + Level 3.3 Evocations


You had 2 spell levels left.
You didn't know any spells.
Your spell library was empty.

Dungeon Overview and Level Annotations

Branches:
Dungeon (2/15)

Altars:
Qazlal


Innate Abilities, Weirdness & Mutations

You have a pair of small horns on your head.


Message History

The scorpion is lightly wounded.
The scorpion stings you.
You are poisoned.
The scorpion poisons you! The scorpion stings you.
You sock the scorpion! Your headbutt misses the scorpion.
The scorpion is heavily wounded.
You feel very sick. The scorpion stings you!
You are lethally poisoned!
The scorpion poisons you!
Aiming: Throw Flame
Press: ? - help, Shift-Dir - straight line, f/p - scorpion
Aim: a scorpion (heavily wounded, 71% to hit)
The puff of flame hits the scorpion.
The scorpion is severely wounded.
* * * LOW HITPOINT WARNING * * *
You feel very sick. The scorpion closely misses you. x2
It was a potion of attraction.
You feel attractive to monsters.
* * * LOW HITPOINT WARNING * * *
You feel very sick. The scorpion stings you.
* * * LOW HITPOINT WARNING * * *
You are more poisoned.
The scorpion poisons you!
It was a potion of ambrosia.
You are confused.
You feel invigorated.
* * * LOW HITPOINT WARNING * * *
You feel very sick. The scorpion closely misses you.
You miss the scorpion.
The scorpion is severely wounded.
* * * LOW HITPOINT WARNING * * *
You feel very sick. The scorpion stings you.
* * * LOW HITPOINT WARNING * * *
The scorpion stings you.
You die...

############## .####
............... ....
.....<......... ...#
...............
##..###.>............
#....................
#..##...........#.#
#.@.......#####...#
#.s##...†..#8.8#....
#...#
##..8###...###8.
......
#...'..._...'.. ####.
##.8###...###8. #.
#....#8.8#.... #
####.#####..##
.......... ###....##


You could see a scorpion.

Vanquished Creatures
  An adder (D:2)
  A gnoll (D:1)
  2 dart slugs
  2 ball pythons (D:1)
  9 bats
  A hobgoblin (D:1)
  2 quokkas (D:2)
  A frilled lizard (D:1)
  6 kobolds (D:1)
  2 rats (D:1)
27 creatures vanquished.

Notes
Turn   | Place    | Note
-------+----------+-------------------------------------------
     0 | D:1      | Gwenloh the Demonspawn Artificer began the quest for the
                  | Orb.
     0 | D:1      | Reached XP level 1. HP: 15/15 MP: 1/1
    81 | D:1      | Reached skill level 1 in Dodging
   337 | D:1      | Gained mutation: You have a pair of small horns on your
                  | head. [demonic ancestry]
   337 | D:1      | Reached XP level 2. HP: 16/21 MP: 2/2
   938 | D:1      | Reached XP level 3. HP: 25/26 MP: 3/3
  1224 | D:2      | Found a stormy altar of Qazlal.
  1300 | D:2      | Found a faded altar of an unknown god.
  1321 | D:2      | Reached skill level 1 in Maces & Flails
  1405 | D:2      | Noticed a scorpion
  1413 | D:2      | Slain by a scorpion

Illustrated notes

Levels and vault maps discovered:
D:1:      ebering_trefoil_twist, layout_loops_cross
D:2:      layout_rooms, dreamdust_ecumenical_altar_angels_and_demons,
          basic_altar, lemuel_old_faithful

Skill      XL: |  1  2  3 |
---------------+----------+-----
Dodging        | 1 |  1.6
Armour         | 2 |  2.2
Maces & Flails | 1 |  1.0
Fighting       | |  1.7
Stealth        | |  0.8
Evocations     | |  3.3

Action                   || total
-------------------------++-------
Melee: Dagger            ||    19
       Club              ||    16
       Whip              ||     7
       Flail             ||    31
       Headbutt          ||     6
Throw: Boomerang         ||    33
Evoke: Wand              ||     8
  Use: Potion            ||     2
 Stab: Sleeping          ||     1
Armor: Leather armour    ||    36
Dodge: Dodged            ||    59

Table legend: (Time is in decaauts)
 A = Elapsed time spent in this place.
 B = Non-inter-level travel time spent in this place.
 C = Inter-level travel time spent in this place.
 D = Time resting spent in this place.
 E = Time spent auto-exploring this place.
 F = Levels seen in this place.
 G = Mean time per level.
                   A        B        C        D        E       F      G
               +--------+--------+--------+--------+--------+-----+--------+
         Total |   1437 |   1429 |      8 |    105 |   1076 |   2 |  718.5 |
       Dungeon |   1437 |   1429 |      8 |    105 |   1076 |   2 |  718.5 |
               +--------+--------+--------+--------+--------+-----+--------+

Top non-repeatable levels by time:
     D:1: 1234 daAuts
     D:2: 203 daAuts
